 Dungeon Crawl Stone Soup version 0.29-a0-847-g24c0ca63c9 (webtiles) character file.

Game seed: 8499929026205358188

27 Malachi the Cudgeller (level 2, -1/25 HPs)
             Began as a Palentonga Fighter on July 16, 2022.
             Slain by Terence
             ... wielding a +0 hand axe
              (6 damage)
             ... on level 2 of the Dungeon.
             The game lasted 00:01:04 (1127 turns).

Malachi the Cudgeller (Palentonga Fighter)          Turns: 1127, Time: 00:01:04

Health: -1/25      AC:  7    Str: 19    XL:     2   Next: 93%
Magic:  2/2        EV:  7    Int:  8    God:
Gold:   61         SH:  4    Dex:  9    Spells: 1/1 levels left

rFire   . . .      SeeInvis +   a - +0 flail
rCold   . . .      Faith    .   c - +0 buckler
rNeg    . . .      Spirit   .   b - +0 scale mail
rPois   .          Reflect  .   (no helmet)
rElec   .          Harm     .   (no cloak)
rCorr   .          Rampage  .   j - +0 pair of gloves
Will    .....                   (no barding)
Stlth   ..........              (no amulet)
HPRegen 0.08/turn               (no ring)
MPRegen 0.08/turn               (no ring)

@: slowed, very slow
A: large, rugged brown scales 3, see invisible, deformed body, roll 1, armoured
tail
a: Rolling Charge


You were on level 2 of the Dungeon.
You visited 1 branch of the dungeon, and saw 2 of its levels.

You collected 61 gold pieces.

Inventory:

Hand Weapons
 a - a +0 flail (weapon)
Missiles
 p - a throwing net
Armour
 b - a +0 scale mail (worn)
 c - a +0 buckler (worn)
 j - a +0 pair of gloves (worn)
Scrolls
 f - a scroll of immolation {unknown}
 h - a scroll of vulnerability {unknown}
 k - 3 scrolls of identify {unknown}
 m - a scroll of noise {unknown}
 n - a scroll of summoning {unknown}
Potions
 d - 2 potions of might
 e - 2 potions of curing {unknown}
 g - a potion of magic {unknown}
 i - a potion of attraction {unknown}
 l - 2 potions of mutation {unknown}
 o - a potion of invisibility {unknown}


   Skills:
 - Level 3.0 Fighting
 + Level 3.5 Maces & Flails
 - Level 2.4 Armour
 - Level 2.6 Shields


You had one spell level left.
You didn't know any spells.
Your spell library contained the following spells:

 Spells                   Type           Power      Damage    Failure   Level
 Dazzling Flash           Conj/Hex       0%         N/A       99%         3
 Iskenderun's Mystic Bla  Conj/Tloc      0%         2d3       100%        4
 Starburst                Conj/Fire      0%         6d3       100%        6


Dungeon Overview and Level Annotations

Branches:
Dungeon (2/15)

Altars:

Annotations:
D:2 Natasha, Terence


Innate Abilities, Weirdness & Mutations

You are completely covered in rugged brown scales. (AC +3, +7% HP)
You have supernaturally acute eyesight. (SInv)
Armour fits poorly on your strangely shaped body.
You can roll at nearby foes to attack.
You have a long armoured tail.


Message History

Terence is lightly wounded.
Terence hits you with a +0 hand axe.
Roll where?
Press: ? - help, Q - select action, (/) - cycle Dir - move target, f - dart slug, p - Terence
Aim: a dart slug (severely wounded)
You roll forward with a clatter of scales!
You hit the dart slug.
You kill the dart slug!
Natasha stares at you and mumbles some strange words.
You resist with significant effort.
Natasha mumbles some strange words.
Natasha glows brightly for a moment.
You block Terence's attack. There's nothing you can charge at!
Unknown command.
Unknown command.
You barely miss Terence.
Terence is lightly wounded.
Natasha mumbles some strange words.
Terence hits you but does no damage.
Roll where?
Press: ? - help, Q - select action, (/) - cycle Dir - move target, f - Natasha
Aim: Natasha You roll forward with a clatter of scales!
Found 15 gold pieces and a scroll labelled QESUNN QACULADGH.
You closely miss Natasha. Natasha claws you. The crimson imp hits you.
Natasha claws you! The crimson imp hits you.
* * * LOW HITPOINT WARNING * * *
Natasha stares at you and mumbles some strange words.
You feel yourself slow down. Natasha claws you but does no damage.
Terence attacks as you move away! Terence closely misses you.
The crimson imp hits you but does no damage.
Natasha claws you but does no damage. The crimson imp hits you.
* * * LOW HITPOINT WARNING * * *
Natasha barely misses you.
The crimson imp hits you but does no damage.
Terence hits you with a +0 hand axe.
You die...

.............#..## ## .
#..............##### # ...
#..†..............# #
.....##..........###...# #
.................###...###### #
.....###....................###
.... #.........###..<.###....
.. #)....5...# ####.# #####
#....h@@<.# #.# #.........# ###
#.........# #.........#
##..$....## ##....?## #######


You could see Terence, Natasha and a crimson imp (summoned).

Vanquished Creatures
  A worm (D:2)
  A dart slug (D:2)
  2 endoplasms (D:1)
  A giant cockroach (D:1)
  A goblin (D:1)
  3 hobgoblins
  2 kobolds (D:1)
  3 quokkas (D:1)
  A ball python (D:1)
  3 bats
  A rat (D:2)
19 creatures vanquished.

Vanquished Creatures (others)
  5 toadstools (D:1)
5 creatures vanquished.

Grand Total: 24 creatures vanquished

Notes
Turn   | Place    | Note
-------+----------+-------------------------------------------
     0 | D:1      | Malachi the Palentonga Fighter began the quest for the Orb.
     0 | D:1      | Reached XP level 1. HP: 19/19 MP: 1/1
   539 | D:1      | Reached XP level 2. HP: 25/25 MP: 2/2
  1018 | D:2      | Found a faded altar of an unknown god.
  1117 | D:2      | Noticed Terence
  1119 | D:2      | Noticed Natasha
  1122 | D:2      | Noticed a crimson imp
  1127 | D:2      | Slain by Terence

Illustrated notes

Levels and vault maps discovered:
D:1:      ldierk_walled_garden, layout_loops_cross, corexii_hall_statues_l,
          corexii_item_surrounded_by_moat
D:2:      layout_rooms, ebering_ecumenical_altar_box, uniq_natasha, uniq_terence

Skill      XL: |  1  2 |
---------------+-------+-----
Maces & Flails | 3 |  3.5
Fighting       | |  3.0
Armour         | |  2.4
Shields        | |  2.6

Action                   || total
-------------------------++-------
Melee: Flail             ||    71
       Tailslap          ||     5
 Abil: Rolling Charge    ||     9
Armor: Scale mail        ||    38
Dodge: Dodged            ||    37
Block: Buckler           ||    14

Table legend: (Time is in decaauts)
 A = Elapsed time spent in this place.
 B = Non-inter-level travel time spent in this place.
 C = Inter-level travel time spent in this place.
 D = Time resting spent in this place.
 E = Time spent auto-exploring this place.
 F = Levels seen in this place.
 G = Mean time per level.
                   A        B        C        D        E       F      G
               +--------+--------+--------+--------+--------+-----+--------+
         Total |   1152 |   1091 |     61 |      0 |    917 |   2 |  576.0 |
       Dungeon |   1152 |   1091 |     61 |      0 |    917 |   2 |  576.0 |
               +--------+--------+--------+--------+--------+-----+--------+

Top non-repeatable levels by time:
     D:1: 1037 daAuts
     D:2: 114 daAuts
